 Dungeon Crawl Stone Soup version 0.31-a0-176-g91f28db67f (webtiles) character file.

Game seed: 16162859624459097722

3595 Elmgren the Skirmisher (level 9, -3/36 HPs)
             Began as a Spriggan Hunter on June 18, 2023.
             Was a Believer of Hepliaklqana.
             Slain by a yak (8 damage)
             ... on level 9 of the Dungeon.
             The game lasted 00:18:37 (8653 turns).

Elmgren the Skirmisher (Spriggan Hunter)            Turns: 8653, Time: 00:18:38

Health: -3/36      AC:  5    Str:  7    XL:     9   Next: 85%
Magic:  10/10      EV: 23    Int: 11    God:    Hepliaklqana [**....]
Gold:   475        SH:  0    Dex: 22    Spells: 8/8 levels left

rFire   . . .        w - +2 orcbow (freeze)
rCold   . . .        (shield currently unavailable)
rNeg    . . .        C - +0 steam dragon scales
rPois   .            (helmet restricted)
rElec   .            (no cloak)
rCorr   .            (gloves unavailable)
SInv    +            (boots unavailable)
Will    ++...        (no amulet)
Stlth   ++           d - ring of willpower
HPRegen 0.26/turn    j - +5 ring of evasion
MPRegen 0.12/turn

%: no passive effects
@: very quick
A: reduced essence, very small, no large weapons, unfitting armour, see
invisible, speed 3
a: Renounce Religion, Recall Ancestor, Ancestor Identity


You were on level 9 of the Dungeon.
You worshipped Hepliaklqana.
Hepliaklqana was pleased with you.
You visited 2 branches of the dungeon, and saw 10 of its levels.

You collected 475 gold pieces.

Inventory:

Hand Weapons
 a - a +1 shortbow of flaming
 n - the +6 dagger "Duto Cai" {flame, rElec Dex+2}
   (You found it on level 3 of the Dungeon)

   Dex:       It affects your dexterity (+2).
   rElec:     It insulates you from electricity.
 w - a +2 orcbow of freezing (weapon)
Armour
 c - a +1 robe
 C - +0 steam dragon scales (worn)
Jewellery
 d - a ring of willpower (left hand)
 j - a +5 ring of evasion (right hand)
 y - a ring of protection from fire
 A - a ring of wizardry
 E - a ring of protection from cold
Wands
 q - a wand of mindburst (10)
 v - a wand of roots (13)
 x - a wand of flame (19)
Scrolls
 b - 2 scrolls of butterflies
 e - 3 scrolls of fog
 i - 2 scrolls of identify
 o - 3 scrolls of enchant armour
 t - 4 scrolls of teleportation
 B - 2 scrolls of enchant weapon
 D - a scroll of amnesia
Potions
 f - a potion of heal wounds {unknown}
 g - 2 potions of curing
 h - a potion of ambrosia {unknown}
 k - 3 potions of mutation {unknown}
 l - a potion of lignification {unknown}
 m - a potion of berserk rage {unknown}
 p - 2 potions of degeneration {unknown}
 r - 2 potions of brilliance
 s - 2 potions of invisibility {unknown}
 z - a potion of magic {unknown}


   Skills:
 - Level 1.5 Fighting
 + Level 14.5 Ranged Weapons
 - Level 2.6 Dodging
 - Level 1.5 Stealth


You had 8 spell levels left.
You didn't know any spells.
Your spell library contained the following spells:

 Spells                   Type           Power      Damage    Failure   Level
 Apportation              Tloc           0%         N/A       34%         1
 Ensorcelled Hibernation  Hex/Ice        0%         N/A       47%         2
 Passwall                 Tmut/Erth      0%         N/A       47%         2
 Swiftness                Air            0%         N/A       71%         3
 Arcjolt                  Conj/Air       0%         1d10      100%        5
 Disjunction              Tloc           0%         N/A       100%        8


Dungeon Overview and Level Annotations

Branches:
Dungeon (9/15)             Temple (1/1) D:5
   Lair: D:8-11         Orc: D:9-12

Altars:
Cheibriados
Dithmenos
Elyvilon
Gozag
Hepliaklqana
Kikubaaqudgha
Makhleb
Nemelex Xobeh
Okawaru
Qazlal
Ru
Sif Muna
Uskayaw
Vehumet
Wu Jian
Xom
Yredelemnul
Zin
The Shining One


Innate Abilities, Weirdness & Mutations

Your life essence is reduced to manifest your ancestor. (-10% HP)
You are very small and have problems with some larger weapons.
You are too small for most types of armour.
You have supernaturally acute eyesight. (SInv)
You cover ground extremely quickly. (Speed+++)


Message History

You swap places.
There is a stone staircase leading down here.
You climb downwards.
The yak barely misses you. The yak completely misses you.
There is a stone staircase leading up here.
Zolin hits the yak with a +0 flail.
The yak misses you.
You shoot an arrow. The arrow barely misses the yak.
The arrow hits the yak.
The arrow freezes the yak.
The yak is lightly wounded.
You shoot an arrow. The arrow closely misses the yak.
The arrow hits the yak but does no damage.
The yak is lightly wounded.
The yak misses you.
Zolin blocks the yak's attack.
Zolin hits the yak with a +0 flail.
You shoot an arrow. The arrow hits the yak.
The arrow freezes the yak.
The yak is heavily wounded.
The yak closely misses you.
The yak gores Zolin but does no damage.
The yak completely misses you. The yak gores you!
You shoot an arrow. The arrow hits the yak.
The arrow freezes the yak.
The yak is lightly wounded.
The yak closely misses you.
The yak gores Zolin.
The yak gores you! The yak closely misses you.
Zolin hits the yak with a +0 flail!
You swap places.
Okay, then.
Okay, then.
As you read the scroll of fog, it dissolves into smoke.
The yak misses you. The yak barely misses you. The yak gores you!
* * * LOW HITPOINT WARNING * * *
The yak barely misses Zolin.
Zolin hits the yak with a +0 flail!
You swap places.
The yak completely misses you.
Zolin blocks the yak's attack.
The yak completely misses you. The yak misses you.
Zolin blocks something's attack.
The yak completely misses you.
The yak gores Zolin but does no damage.
You shoot an arrow. The arrow closely misses the yak.
Zolin closely misses the yak.
The yak completely misses you.
Zolin blocks the yak's attack.
The yak closely misses you. The yak misses you.
The bullfrog completely misses Zolin.
You shoot an arrow. The arrow hits the yak.
The arrow freezes the yak.
The yak is heavily wounded.
Zolin blocks the bullfrog's attack.
The yak gores you!
You die...

#........#
#........#
#....=..=#
#........#
+...§§...#
#..§.§...#
#§Y§Y§§..#
#YYFY§...#
#@YR§§...#
##########


You could see the friendly Zolin the knight, 4 yaks and a bullfrog (ally
target).

Vanquished Creatures
  2 hornets
  A steam dragon (D:8)
  2 water moccasins
  Duvessa (D:5)
  A sky beast (D:7)
  An orc warrior (D:8)
  2 ice beasts
  A black bear (D:6)
  An ogre (D:5)
  2 centaurs
  A phantom (D:4)
  A kobold brigand (D:6)
  2 bullfrogs (D:7)
  2 scorpions
  6 wights (D:8)
  Dowan (D:5)
  A howler monkey (D:4)
  5 jellies
  5 orc priests
  5 hounds
  5 orc wizards
  2 sleepcaps
  5 iguanas
  Robin (D:3)
  9 gnolls
  9 adders
  2 white imps
  An ufetubus (D:6)
  A worm (D:2)
  5 dart slugs
  27 orcs
  9 bats
  6 endoplasms
  5 giant cockroaches
  17 goblins
  15 hobgoblins
  3 jackals (D:2)
  6 quokkas
  7 ball pythons
  2 frilled lizards (D:3)
  16 kobolds
  6 rats
202 creatures vanquished.

Vanquished Creatures (collateral kills)
  A sky beast (D:7)
  A wight (D:8)
  A white imp (D:7)
3 creatures vanquished.

Vanquished Creatures (others)
  2 ancestors
2 creatures vanquished.

Grand Total: 207 creatures vanquished

Notes
Turn   | Place    | Note
-------+----------+-------------------------------------------
     0 | D:1      | Elmgren the Spriggan Hunter began the quest for the Orb.
     0 | D:1      | Reached XP level 1. HP: 10/10 MP: 2/2
    87 | D:1      | Reached XP level 2. HP: 14/14 MP: 3/3
   235 | D:1      | Reached skill level 5 in Ranged Weapons
   261 | D:1      | Reached XP level 3. HP: 18/18 MP: 4/4
  1094 | D:3      | Reached XP level 4. HP: 11/22 MP: 5/5
  1323 | D:3      | Reached skill level 6 in Ranged Weapons
  1358 | D:3      | Reached XP level 5. HP: 25/25 MP: 6/6
  1381 | D:3      | Noticed Robin
  1473 | D:3      | Killed Robin
  1548 | D:3      | Identified the +6 dagger "Duto Cai" {flame, rElec Dex+2}
  1943 | D:4      | Reached skill level 7 in Ranged Weapons
  2649 | D:4      | Reached XP level 6. HP: 30/30 MP: 7/7
  3379 | D:4      | Noticed an ice beast
  3754 | D:4      | Killed an ice beast
  3755 | D:4      | Reached skill level 8 in Ranged Weapons
  3857 | D:4      | Reached XP level 7. HP: 33/33 MP: 8/8
  4296 | D:5      | Entered Level 5 of the Dungeon
  4398 | D:5      | Reached skill level 9 in Ranged Weapons
  4430 | D:5      | Noticed Duvessa
  4437 | D:5      | Noticed Dowan
  4447 | D:5      | Killed Duvessa
  4594 | D:5      | Reached skill level 10 in Ranged Weapons
  4648 | D:5      | Found a staircase to the Ecumenical Temple.
  4851 | Temple   | Entered the Ecumenical Temple
  5154 | D:5      | Reached XP level 8. HP: 37/37 MP: 9/9
  5308 | D:5      | Killed Dowan
  5524 | D:6      | Found a hide-covered altar of Uskayaw.
  5533 | D:6      | Found a hazy altar of Hepliaklqana.
  5537 | D:6      | Became a worshipper of Hepliaklqana the Forgotten
  5547 | D:6      | Found a stormy altar of Qazlal.
  5557 | D:6      | Found an ancient bone altar of Kikubaaqudgha.
  5694 | D:6      | Reached skill level 11 in Ranged Weapons
  6357 | D:6      | Reached skill level 12 in Ranged Weapons
  6541 | D:6      | Reached XP level 9. HP: 25/41 MP: 10/10
  6787 | D:7      | Reached * piety under Hepliaklqana
  7011 | D:7      | Got the Folio of Foggy Geometry
  7153 | D:7      | Reached skill level 13 in Ranged Weapons
  7692 | D:8      | Reached skill level 14 in Ranged Weapons
  8115 | D:8      | Reached ** piety under Hepliaklqana
  8277 | D:8      | Found an ornate altar of the Wu Jian Council.
  8638 | D:8      | Remembered your ancestor Zolin as a knight
  8653 | D:9      | Slain by a yak

Illustrated notes

Levels and vault maps discovered:
D:1:      lightli_arrival_isolated_outpost, layout_basic,
          minmay_misc_feat_diagonals
D:2:      layout_rooms
D:3:      layout_rooms, uniq_robin
D:4:      minmay_thinvault, layout_basic
D:5:      layout_loops_ring, minmay_temple_entry_enclosed_plants, uniq_duvessa
D:6:      layout_cave_pools, grunt_temple_overflow_cloverleaf,
          minmay_chambers_of_fives
D:7:      layout_rooms, minmay_fractal_squares_diagonal_5
D:8:      nicolae_cairo_tiling_large_dashed, layout_cave_pools, kennysheep_mini,
          nrook_uturn, minmay_misc_feat_room
D:9:      layout_roguey, uniq_erolcha
Temple:   minmay_temple_curvy_branch

Skill      XL: |  1  2  3  4  5  6  7  8  9 |
---------------+----------------------------+-----
Ranged Weapons | 5 6 7 8 10 12 14 | 14.5
Fighting       | |  1.5
Dodging        | |  2.6
Stealth        | |  1.5

Action                     |  1- 3 |  4- 6 |  7- 9 || total
---------------------------+-------+-------+-------++-------
   Fire: Shortbow          |   144 |   272 |   258 ||   674
         Orcbow            |       |       |   117 ||   117
 Invoke: Ancestor Life: Kn |       |       |     1 ||     1
    Use: Scroll            |       |     4 |     7 ||    11
         Potion            |       |       |     1 ||     1
 Armour: Robe              |     6 |    14 |     6 ||    26
         Steam dragon scal |       |       |     1 ||     1
  Dodge: Dodged            |    56 |    63 |   102 ||   221

Table legend: (Time is in decaauts)
 A = Elapsed time spent in this place.
 B = Non-inter-level travel time spent in this place.
 C = Inter-level travel time spent in this place.
 D = Time resting spent in this place.
 E = Time spent auto-exploring this place.
 F = Levels seen in this place.
 G = Mean time per level.
                   A        B        C        D        E       F      G
               +--------+--------+--------+--------+--------+-----+--------+
         Total |   6660 |   6487 |    173 |   2480 |   2486 |  10 |  666.0 |
       Dungeon |   6502 |   6331 |    171 |   2480 |   2334 |   9 |  722.4 |
        Temple |    158 |    156 |      2 |      0 |    152 |   1 |  158.0 |
               +--------+--------+--------+--------+--------+-----+--------+

Top non-repeatable levels by time:
     D:4: 2020 daAuts
     D:5: 942 daAuts
     D:8: 928 daAuts
     D:6: 792 daAuts
     D:3: 538 daAuts
     D:7: 489 daAuts
     D:1: 408 daAuts
     D:2: 370 daAuts
  Temple: 158 daAuts
     D:9: 11 daAuts
